 Dungeon Crawl Stone Soup version 0.22-a0-601-gb0ed703 (webtiles) character file.

131 gmonis the Cudgeler (level 4, -10/58 HPs)
             Began as a Minotaur Berserker on July 6, 2018.
             Was a Believer of Trog.
             Killed by divine providence
             ... invoked by an orc priest
              (13 damage)
             ... on level 4 of the Dungeon.
             The game lasted 00:01:28 (919 turns).

gmonis the Cudgeler (Minotaur Berserker)             Turns: 919, Time: 00:01:30

Health: -10/58     AC:  2    Str: 26    XL:     4   Next: 91%
Magic:  3/3        EV: 12    Int:  4    God:    Trog [**....]
Gold:   69         SH:  0    Dex: 11    Spells: 3/3 levels left

rFire    . . .     SeeInvis .   a - +0 mace
rCold    . . .     Gourm    .   (no shield)
rNeg     . . .     Faith    .   b - +0 animal skin
rPois    .         Spirit   .   (helmet restricted)
rElec    .         Reflect  .   (no cloak)
rCorr    .         Harm     .   (no gloves)
MR       .....                  (no boots)
Stlth    ..........             (no amulet)
HPRegen  0.19/turn              (no ring)
MPRegen  0.08/turn              (no ring)

@: berserking (expiring), lethally poisoned (-10 -> -19), slowed
A: retaliatory headbutt, horns 2
a: Berserk, Trog's Hand, Renounce Religion


You were on level 4 of the Dungeon.
You worshipped Trog.
Trog was pleased with you.
You were hungry.

You visited 1 branch of the dungeon, and saw 3 of its levels.

You collected 69 gold pieces.

Inventory:

Hand Weapons
 a - a +0 mace (weapon)
Missiles
 d - 36 stones (quivered)
Armour
 b - a +0 animal skin (worn)
Scrolls
 f - a scroll of fog {unknown}
 g - a scroll of amnesia {unknown}
 h - a scroll of teleportation {unknown}
Potions
 e - 2 potions of degeneration {unknown}
 i - a potion of berserk rage {unknown}
Comestibles
 c - a ration


   Skills:
 - Level 3.6 Fighting
 + Level 6.8 Maces & Flails
 - Level 2.4 Armour
 - Level 2.1 Dodging


You had 3 spell levels left.
You didn't know any spells.
Your spell library was empty.

Dungeon Overview and Level Annotations

Branches:
Dungeon (2/15)

Altars:
Xom


Innate Abilities, Weirdness & Mutations

You reflexively headbutt those who attack you in melee.
You have a pair of horns on your head.


Message History

The orc priest begins to cast a cantrip, but forgets the words!
The orc closely misses you.
You miss the adder.
The adder is almost dead.
You feel sick. The adder bites you.
* * * LOW HITPOINT WARNING * * *
You are more poisoned.
The adder poisons you!
The orc priest mumbles some strange prayers to Beogh against you.
Beogh smites you!
* * * LOW HITPOINT WARNING * * *
The adder closely misses you. The orc barely misses you.
You bludgeon the adder!!
You kill the adder!
Trog accepts your kill.
* * * LOW HITPOINT WARNING * * *
You feel sick.
The orc priest invokes the aid of Beogh against you.
Beogh smites you!
You die...

# ## ##...
#....#######
.#.#.#......##.
........$......
#.......o......
.......@†.....#
.#....).).....#
#......o.....#
#.............
#..##......w...
#. ?..=.......
. ............
##...........


You could see an orc priest, a dart slug and an orc.

Vanquished Creatures
  An orc priest (D:4)
  An orc wizard (D:4)
  A worker ant (D:4)
  An adder (D:4)
  An ooze (D:1)
  A dart slug (D:1)
  An orc (D:4)
  2 giant cockroaches (D:1)
  8 goblins (D:1)
  3 hobgoblins (D:1)
  3 bats (D:1)
  2 frilled lizards (D:1)
  4 kobolds
  6 rats
35 creatures vanquished.

Notes
Turn   | Place    | Note
-------+----------+-------------------------------------------
     0 | D:1      | gmonis the Minotaur Berserker began the quest for the Orb.
     0 | D:1      | Reached XP level 1. HP: 19/19 MP: 0/0
    33 | D:1      | Reached skill level 4 in Maces & Flails
   219 | D:1      | Reached XP level 2. HP: 26/26 MP: 1/1
   533 | D:1      | Reached ** piety under Trog
   533 | D:1      | Reached skill level 5 in Maces & Flails
   687 | D:1      | Reached XP level 3. HP: 27/31 MP: 2/2
   899 | D:2      | Found a shimmering altar of Xom.
   899 | D:2      | Found a shimmering altar of Xom.
   900 | D:2      | Found a shimmering altar of Xom.
   910 | D:2      | You fall through a shaft for 2 floors!
   914 | D:4      | Reached skill level 6 in Maces & Flails
   914 | D:4      | Reached XP level 4. HP: 39/39 MP: 3/3
   919 | D:4      | Killed from afar by an orc priest

Vault maps used:
D:1:      kennysheep_arrival_forest
D:2:      xom_redecorated, first_ration
D:4:      nicolae_overflow_hidden_temple, serial_shops,
          nicolae_shop_overgrown_old_shop

Skill      XL: |  1  2  3 |
---------------+----------+-----
Maces & Flails | 4 5 6 |  6.8
Fighting       | |  3.6
Armour         | |  2.4
Dodging        | |  2.1

Action                   |  1- 3 |  4- 6 || total
-------------------------+-------+-------++-------
Melee: Mace              |    57 |     5 ||    62
       Headbutt          |     9 |     1 ||    10
Invok: Berserk           |     1 |       ||     1
Armor: Animal skin       |    12 |       ||    12
Dodge: Dodged            |    41 |     9 ||    50

Table legend:
 A = Spawn XP
 B = Non-spawn XP
 C = Spawn XP percentage of total XP
 D = Spawn monster count
 E = Non-spawn monster count
 F = Spawn count percentage of total count
 G = Total turns spent on level
                    A         B        C        D         E        F      G
               +---------+---------+-------+---------+---------+-------+---------
         Total |       0 |     188 |   0.0 |       0 |      35 |   0.0 |   919
               +---------+---------+-------+---------+---------+-------+---------
           D:1 |       0 |      49 |   0.0 |       0 |      27 |   0.0 |   884
           D:2 |       0 |       4 |   0.0 |       0 |       3 |   0.0 |    26
           D:4 |       0 |     135 |   0.0 |       0 |       5 |   0.0 |     9
               +---------+---------+-------+---------+---------+-------+---------
